General information
- name: BNet
- type: Ladder team game (AT/RT)
- host: Battle.net
- saver: pizzafan1739
map: RiceFields
- players: 6
- length: 34:08
- speed: Fast
- version: 1.26 W3XP
- replay type:

» download(238 KB)
Players
team 1 (winner)
baby_in_pram (
orange | 109 APM | 3715 actions | 34:08)
6 Blademaster
2 Wind Walk
3 Critical Strike
1 Bladestorm
2 Tauren Chieftain
1 War Stomp
1 Endurance Aura
» actions
| Assign group hotkey | 103 | |
| Basic commands | 18 | |
| Build / train | 66 | |
| ESC pressed | 4 | |
| Enter build submenu | 48 | |
| Enter hero's abilities submenu | 9 | |
| Give item / drop item | 6 | |
| Remove unit from queue | 1 | |
| Right click | 2119 | |
| Select / deselect | 513 | |
| Select group hotkey | 589 | |
| Use ability | 238 | |
3715 total
» units
» upgrades
| Spiked Barricades | 1 | |
| Liquid Fire | 1 | |
| Ranged Weapons | 2 | |
4 total
» buildings
| Altar of Storms | 1 | |
| Orc Burrow | 4 | |
| War Mill | 2 | |
| Watch Tower | 39 | |
| Stronghold | 2 | |
| Voodoo Lounge | 3 | |
| Beastiary | 2 | |
| Fortress | 2 | |
| Great Hall | 1 | |
56 total
» build order
00:05 Altar of Storms
00:07 Orc Burrow
00:27 War Mill
00:29 War Mill
01:17 Orc Burrow
02:25 Watch Tower
02:25 Watch Tower
03:02 Stronghold
03:02 Stronghold
03:05 Watch Tower
03:34 Watch Tower
03:51 Watch Tower
03:56 Voodoo Lounge
04:01 Watch Tower
04:07 Watch Tower
04:23 Watch Tower
04:24 Watch Tower
05:10 Orc Burrow
05:14 Orc Burrow
05:29 Voodoo Lounge
05:41 Watch Tower
05:41 Watch Tower
06:01 Voodoo Lounge
06:11 Beastiary
06:13 Beastiary
06:50 Watch Tower
06:52 Watch Tower
07:25 Fortress
10:12 Watch Tower
10:13 Watch Tower
10:25 Watch Tower
10:25 Watch Tower
10:32 Watch Tower
10:33 Watch Tower
10:35 Watch Tower
11:34 Watch Tower
11:35 Watch Tower
11:35 Watch Tower
11:36 Watch Tower
15:31 Great Hall
15:43 Watch Tower
15:44 Watch Tower
15:46 Watch Tower
15:46 Watch Tower
15:47 Watch Tower
15:48 Watch Tower
15:49 Watch Tower
15:49 Watch Tower
15:51 Watch Tower
15:51 Watch Tower
15:52 Watch Tower
19:32 Watch Tower
19:36 Watch Tower
19:38 Watch Tower
19:42 Watch Tower
» items
| Healing Salve | 3 | |
| Lesser Clarity Potion | 5 | |
| Scroll of Town Portal | 1 | |
| Orb of Lightning | 2 | |
| Claws of Attack +15 | 5 | |
| Staff of Sanctuary | 2 | |
| Kelen's Dagger of Escape | 1 | |
| Mana Stone | 1 | |
| Ring of Protection +5 | 1 | |
21 total
Birdeneering (
red | 119 APM | 4057 actions | 34:08)
5 Archmage
3 Blizzard
2 Brilliance Aura
4 Blood Mage
2 Flame Strike
2 Siphon Mana
3 Pit Lord
2 Rain of Fire
1 Cleaving Attack
» actions
| Assign group hotkey | 290 | |
| Basic commands | 35 | |
| Build / train | 142 | |
| Enter build submenu | 130 | |
| Enter hero's abilities submenu | 13 | |
| Give item / drop item | 4 | |
| Right click | 1664 | |
| Select / deselect | 455 | |
| Select group hotkey | 1036 | |
| Use ability | 288 | |
4057 total
» units
» upgrades
| Masonry | 3 | |
| Lumber Harvesting | 2 | |
| Magic Sentry | 1 | |
6 total
» buildings
| Altar of Kings | 1 | |
| Farm | 4 | |
| Lumber Mill | 1 | |
| Scout Tower | 165 | |
| Arcane Tower | 15 | |
| Guard Tower | 61 | |
| Arcane Vault | 7 | |
| Keep | 1 | |
| Town Hall | 1 | |
| Castle | 1 | |
| Arcane Sanctum | 1 | |
258 total
» build order
00:06 Altar of Kings
00:19 Farm
00:52 Farm
01:10 Lumber Mill
01:17 Scout Tower
01:17 Scout Tower
01:20 Scout Tower
01:23 Farm
01:35 Scout Tower
01:48 Arcane Tower
02:04 Arcane Tower
02:05 Arcane Tower
02:26 Guard Tower
02:27 Scout Tower
02:37 Scout Tower
02:37 Guard Tower
02:42 Scout Tower
03:16 Guard Tower
03:17 Scout Tower
03:19 Scout Tower
03:20 Scout Tower
03:34 Guard Tower
03:36 Scout Tower
03:37 Scout Tower
03:38 Scout Tower
03:39 Scout Tower
03:49 Scout Tower
03:50 Scout Tower
03:50 Scout Tower
03:57 Guard Tower
04:03 Scout Tower
04:04 Scout Tower
04:06 Guard Tower
04:13 Scout Tower
04:14 Scout Tower
04:17 Scout Tower
04:18 Scout Tower
04:18 Scout Tower
04:19 Scout Tower
04:20 Scout Tower
04:20 Guard Tower
04:31 Guard Tower
04:43 Guard Tower
04:45 Scout Tower
04:58 Guard Tower
05:01 Guard Tower
05:02 Guard Tower
05:33 Guard Tower
05:35 Guard Tower
05:37 Scout Tower
05:42 Guard Tower
05:47 Scout Tower
05:48 Scout Tower
05:52 Arcane Vault
06:04 Guard Tower
06:10 Scout Tower
06:11 Scout Tower
06:12 Keep
06:26 Guard Tower
06:27 Scout Tower
06:28 Scout Tower
06:54 Guard Tower
06:55 Scout Tower
06:57 Scout Tower
07:32 Guard Tower
07:35 Town Hall
07:40 Scout Tower
07:40 Scout Tower
07:41 Scout Tower
07:41 Scout Tower
07:42 Scout Tower
07:42 Scout Tower
07:43 Scout Tower
07:43 Scout Tower
07:51 Guard Tower
07:53 Scout Tower
07:54 Scout Tower
07:57 Guard Tower
08:04 Scout Tower
08:05 Scout Tower
08:05 Guard Tower
08:12 Scout Tower
09:07 Castle
09:12 Arcane Sanctum
09:24 Guard Tower
09:26 Scout Tower
09:39 Guard Tower
09:40 Scout Tower
09:45 Guard Tower
09:47 Guard Tower
09:49 Scout Tower
09:50 Scout Tower
10:02 Scout Tower
10:02 Arcane Tower
10:04 Scout Tower
10:04 Scout Tower
10:07 Arcane Tower
10:14 Guard Tower
10:18 Scout Tower
10:18 Scout Tower
10:31 Arcane Vault
10:32 Scout Tower
10:32 Scout Tower
10:33 Scout Tower
10:34 Scout Tower
11:26 Arcane Tower
11:27 Guard Tower
11:29 Guard Tower
11:50 Scout Tower
11:51 Scout Tower
11:56 Arcane Tower
11:56 Guard Tower
11:58 Scout Tower
11:59 Scout Tower
11:59 Scout Tower
12:00 Scout Tower
12:11 Scout Tower
12:12 Scout Tower
12:14 Guard Tower
12:15 Scout Tower
12:16 Scout Tower
13:05 Guard Tower
13:08 Farm
13:09 Scout Tower
13:09 Scout Tower
13:13 Arcane Tower
13:16 Guard Tower
13:18 Arcane Vault
13:20 Scout Tower
13:21 Scout Tower
13:21 Guard Tower
13:44 Guard Tower
13:47 Scout Tower
13:48 Scout Tower
13:49 Guard Tower
13:54 Arcane Vault
13:55 Scout Tower
13:58 Arcane Vault
13:59 Scout Tower
13:59 Scout Tower
14:33 Arcane Vault
14:35 Scout Tower
14:37 Scout Tower
14:40 Scout Tower
14:41 Scout Tower
14:52 Guard Tower
14:55 Scout Tower
14:56 Scout Tower
15:04 Scout Tower
15:05 Scout Tower
15:06 Scout Tower
15:07 Scout Tower
15:07 Scout Tower
15:08 Scout Tower
15:09 Scout Tower
15:10 Scout Tower
15:17 Arcane Tower
15:18 Guard Tower
15:23 Scout Tower
15:24 Scout Tower
15:25 Scout Tower
15:26 Scout Tower
15:28 Arcane Vault
15:34 Arcane Tower
15:34 Guard Tower
15:54 Guard Tower
18:24 Scout Tower
18:25 Scout Tower
18:26 Scout Tower
18:27 Scout Tower
18:29 Scout Tower
18:30 Scout Tower
18:50 Scout Tower
18:51 Scout Tower
18:52 Scout Tower
18:54 Arcane Tower
18:54 Arcane Tower
18:56 Guard Tower
18:58 Scout Tower
19:00 Scout Tower
19:01 Scout Tower
19:09 Scout Tower
19:10 Scout Tower
19:10 Scout Tower
19:11 Scout Tower
19:12 Scout Tower
19:12 Scout Tower
19:14 Scout Tower
19:14 Scout Tower
19:16 Scout Tower
19:17 Scout Tower
19:19 Scout Tower
19:19 Scout Tower
19:21 Guard Tower
19:24 Scout Tower
19:25 Scout Tower
19:28 Scout Tower
19:29 Scout Tower
19:32 Guard Tower
19:34 Scout Tower
19:35 Scout Tower
19:52 Scout Tower
19:53 Arcane Tower
20:03 Guard Tower
20:05 Scout Tower
20:31 Guard Tower
20:33 Guard Tower
20:36 Guard Tower
20:39 Scout Tower
20:40 Scout Tower
21:14 Guard Tower
21:23 Guard Tower
21:28 Guard Tower
21:50 Guard Tower
21:53 Scout Tower
21:53 Scout Tower
22:16 Scout Tower
22:17 Scout Tower
22:55 Guard Tower
22:58 Scout Tower
22:59 Scout Tower
23:12 Guard Tower
23:26 Scout Tower
23:27 Scout Tower
23:59 Guard Tower
24:32 Guard Tower
28:11 Scout Tower
28:11 Scout Tower
28:14 Scout Tower
28:15 Scout Tower
28:17 Scout Tower
30:21 Scout Tower
30:22 Scout Tower
30:23 Scout Tower
30:24 Scout Tower
30:29 Scout Tower
30:31 Scout Tower
30:32 Scout Tower
30:33 Scout Tower
30:43 Guard Tower
30:52 Guard Tower
30:56 Guard Tower
31:45 Guard Tower
32:42 Guard Tower
32:52 Scout Tower
32:52 Scout Tower
32:54 Scout Tower
33:12 Scout Tower
33:13 Scout Tower
33:14 Scout Tower
33:17 Scout Tower
33:18 Scout Tower
33:19 Scout Tower
33:31 Scout Tower
33:39 Scout Tower
33:40 Guard Tower
» items
| Orb of Lightning | 2 | |
| Staff of Sanctuary | 3 | |
| Scroll of Town Portal | 3 | |
| Scroll of Regeneration | 2 | |
| Potion of Healing | 1 | |
| Kelen's Dagger of Escape | 1 | |
| Ring of Protection +5 | 1 | |
| Health Stone | 1 | |
14 total
pizzafan1739 (
blue | 114 APM | 3904 actions | 34:08)
4 Warden
2 Shadow Strike
2 Blink
4 Pandaren Brewmaster
2 Breath of Fire
2 Drunken Haze
» actions
| Assign group hotkey | 7 | |
| Basic commands | 4 | |
| Build / train | 60 | |
| ESC pressed | 1 | |
| Enter build submenu | 17 | |
| Enter hero's abilities submenu | 8 | |
| Give item / drop item | 8 | |
| Right click | 2951 | |
| Select / deselect | 441 | |
| Select group hotkey | 268 | |
| Use ability | 139 | |
3904 total
» units
» upgrades
| Well Spring | 1 | |
| Nature's Blessing | 1 | |
| Ultravision | 1 | |
3 total
» buildings
| Altar of Elders | 1 | |
| Moon Well | 11 | |
| Tree of Ages | 1 | |
| Hunter's Hall | 1 | |
| Tree of Eternity | 1 | |
| Tree of Life | 3 | |
| Ancient of Wonders | 1 | |
19 total
» build order
00:11 Altar of Elders
00:21 Moon Well
00:57 Moon Well
04:00 Tree of Ages
05:14 Moon Well
05:15 Moon Well
06:07 Hunter's Hall
07:12 Moon Well
07:13 Moon Well
07:56 Tree of Eternity
10:07 Tree of Life
15:23 Ancient of Wonders
22:41 Tree of Life
29:15 Tree of Life
32:38 Moon Well
32:39 Moon Well
32:41 Moon Well
32:54 Moon Well
32:56 Moon Well
» items
| Staff of Sanctuary | 2 | |
| Healing Salve | 5 | |
| Lesser Clarity Potion | 6 | |
| Potion of Healing | 1 | |
| Kelen's Dagger of Escape | 1 | |
| Orb of Venom | 1 | |
| Mana Stone | 1 | |
| Claws of Attack +15 | 2 | |
19 total
team 2 (loser)
kasperov24 (
purple | 53 APM | 1807 actions | 33:58)
3 Death Knight
2 Unholy Aura
1 Death Coil
» actions
| Assign group hotkey | 16 | |
| Build / train | 78 | |
| ESC pressed | 3 | |
| Enter build submenu | 20 | |
| Enter hero's abilities submenu | 3 | |
| Give item / drop item | 1 | |
| Remove unit from queue | 1 | |
| Right click | 745 | |
| Select / deselect | 701 | |
| Select group hotkey | 160 | |
| Use ability | 79 | |
1807 total
» units
| Acolyte | 5 | |
| Ghoul | 4 | |
| Necromancer | 29 | |
| Obsidian Statue | 3 | |
| Meatwagon | 11 | |
52 total
» upgrades
| Skeletal Longevity | 1 | |
| Exhume Corpses | 1 | |
| Necromancer Training | 2 | |
| Skeletal Mastery | 1 | |
| Unholy Armor | 3 | |
| Unholy Strength | 3 | |
11 total
» buildings
| Ziggurat | 7 | |
| Crypt | 1 | |
| Graveyard | 1 | |
| Nerubian Tower | 3 | |
| Altar of Darkness | 1 | |
| Halls of the Dead | 1 | |
| Spirit Tower | 4 | |
| Temple of the Damned | 2 | |
| Black Citadel | 1 | |
| Slaughterhouse | 1 | |
| Tomb of Relics | 1 | |
| Sacrificial Pit | 1 | |
24 total
» build order
00:07 Ziggurat
00:12 Crypt
00:46 Graveyard
01:01 Nerubian Tower
01:25 Altar of Darkness
02:10 Halls of the Dead
02:40 Ziggurat
03:38 Spirit Tower
04:23 Ziggurat
04:40 Temple of the Damned
05:05 Black Citadel
05:20 Slaughterhouse
05:25 Ziggurat
05:28 Nerubian Tower
05:42 Ziggurat
05:53 Tomb of Relics
06:08 Ziggurat
06:24 Spirit Tower
06:49 Nerubian Tower
07:13 Spirit Tower
10:02 Temple of the Damned
10:46 Ziggurat
12:00 Spirit Tower
30:40 Sacrificial Pit
Khaleesi_ (
yellow | 23 APM | 797 actions | 34:08)
4 Far Seer
2 Chain Lighting
2 Feral Spirit
1 Shadow Hunter
1 Healing Wave
» actions
| Build / train | 111 | |
| Enter build submenu | 16 | |
| Enter hero's abilities submenu | 5 | |
| Remove unit from queue | 4 | |
| Right click | 306 | |
| Select / deselect | 305 | |
| Use ability | 50 | |
797 total
» units
| Peon | 14 | |
| Grunt | 21 | |
| Troll Headhunter/Berserker | 8 | |
| Demolisher | 12 | |
| Wind Rider | 7 | |
| Shaman | 7 | |
| Kodo Beast | 6 | |
| Troll Batrider | 9 | |
84 total
» upgrades
| Pillage | 1 | |
| Melee Weapons | 2 | |
| Ranged Weapons | 2 | |
| Armor | 1 | |
| Spiked Barricades | 1 | |
| Troll Regeneration | 1 | |
| Berserker Strength | 1 | |
| Shaman Training | 2 | |
| Envenomed Spears | 1 | |
| Burning Oil | 1 | |
| Liquid Fire | 1 | |
14 total
» buildings
| Altar of Storms | 1 | |
| Orc Burrow | 8 | |
| Barracks | 1 | |
| War Mill | 1 | |
| Great Hall | 1 | |
| Stronghold | 1 | |
| Voodoo Lounge | 1 | |
| Beastiary | 1 | |
| Spirit Lodge | 1 | |
| Fortress | 1 | |
17 total
» build order
00:05 Altar of Storms
00:09 Orc Burrow
01:28 Barracks
01:49 Orc Burrow
02:04 War Mill
04:06 Orc Burrow
06:16 Orc Burrow
07:14 Great Hall
07:41 Orc Burrow
10:14 Stronghold
10:26 Voodoo Lounge
11:37 Orc Burrow
12:55 Beastiary
12:59 Spirit Lodge
14:10 Orc Burrow
14:27 Orc Burrow
17:48 Fortress

»
mort_pp (
green | 41 APM | 1402 actions | 33:53)
4 Demon Hunter
1 Evasion
1 Immolation
2 Mana Burn
» actions
| Assign group hotkey | 21 | |
| Build / train | 89 | |
| ESC pressed | 9 | |
| Enter build submenu | 24 | |
| Enter hero's abilities submenu | 4 | |
| Remove unit from queue | 1 | |
| Right click | 618 | |
| Select / deselect | 440 | |
| Select group hotkey | 138 | |
| Use ability | 58 | |
1402 total
» units
| Wisp | 29 | |
| Huntress | 21 | |
| Druid of the Claw | 5 | |
| Glaive Thrower | 2 | |
| Druid of the Talon | 9 | |
| Archer | 1 | |
| Mountain Giant | 2 | |
69 total
» upgrades
| Strength of the Moon | 3 | |
| Moon Armor | 2 | |
| Sentinel | 1 | |
| Upgrade Moon Glaive | 1 | |
| Strength of the Wild | 1 | |
| Reinforced Hides | 1 | |
9 total
» buildings
| Altar of Elders | 1 | |
| Moon Well | 6 | |
| Ancient of War | 3 | |
| Ancient of Wonders | 1 | |
| Hunter's Hall | 1 | |
| Tree of Ages | 1 | |
| Ancient of Lore | 1 | |
| Tree of Eternity | 1 | |
| Ancient of Wind | 1 | |
| Tree of Life | 3 | |
| Chimaera Roost | 2 | |
21 total
» build order
00:04 Altar of Elders
00:25 Moon Well
00:50 Ancient of War
02:00 Moon Well
04:14 Ancient of Wonders
04:25 Hunter's Hall
06:03 Ancient of War
06:09 Ancient of War
06:35 Tree of Ages
07:56 Moon Well
09:25 Moon Well
09:47 Moon Well
10:10 Ancient of Lore
12:14 Tree of Eternity
12:46 Ancient of Wind
14:52 Moon Well
20:01 Tree of Life
20:39 Tree of Life
26:58 Tree of Life
32:11 Chimaera Roost
32:14 Chimaera Roost
» items
| Moonstone | 1 | |
| Dust of Appearance | 2 | |
3 total
Chat log
(03:46 / All) pizzafan1739: good play!
(11:19 / All) pizzafan1739: OK. more later!
(14:53 / All) kasperov24: do you even ice skate bro?
(15:00 / All) kasperov24: wrong chat
(15:01 / All) pizzafan1739: here in canada we all do
(18:05 / All) baby_in_pram: gary why
(18:07 / All) baby_in_pram: why would you do this gary
(23:38 / All) pizzafan1739: OK!
(24:32 / All) pizzafan1739: clicks . . .. . .
(27:26 / All) kasperov24: why did you build so many towers
(27:30 / All) kasperov24: to have fun with us?
(27:30 / All) pizzafan1739: to win
(27:34 / All) pizzafan1739: games aren't fun
(27:40 / All) baby_in_pram: certain players have difficulty defeating towers
(27:43 / All) baby_in_pram: you appear to be thesep layers
(29:46 / All) Birdeneering: where was jorah to advise you against that attack
(29:55 / All) Birdeneering: dropped the ball
(29:58 / All) Birdeneering: on that one
(34:08 / All) pizzafan1739: you can control your allies' units!